 Dungeon Crawl Stone Soup version 0.21-a0-185-g3a6ed1e (webtiles) character file.

5008 PeterMcNeter the Cleaver (level 10, -1/89 (91) HPs)
             Began as a Hill Orc Fighter on Aug 10, 2017.
             Was a Believer of Okawaru.
             Impaled on a porcupine's spines (10 damage)
             ... on level 8 of the Dungeon on Aug 12, 2017.
             The game lasted 00:15:23 (8003 turns).

PeterMcNeter the Cleaver (Hill Orc Fighter)         Turns: 8003, Time: 00:15:24

HP:   -1/89 (91)    AC:  9    Str: 24    XL:     10   Next: 54%
MP:   8/10          EV: 14    Int:  8    God:    Okawaru [**....]
Gold: 387           SH: 15    Dex: 15    Spells: 9/9 levels left

rFire    . . .     SeeInvis .   E - +4 hand axe of Conformity {venom, +Rage Str+2 Dex+4}
rCold    . . .     Gourm    .   c - +0 shield
rNeg     . . .     Faith    .   y - +0 ring mail {MR+}
rPois    .         Spirit   .   w - +0 helmet
rElec    .         Reflect  .   G - +0 cloak
rCorr    .         Harm     .   (no gloves)
MR       +....                  (no boots)
Stlth    ++........             (no amulet)
HPRegen  0.24/turn              (no ring)
MPRegen  0.12/turn              (no ring)

@: heroism
A: no striking features
a: Heroism, Renounce Religion, Evoke Berserk Rage


You were on level 8 of the Dungeon.
You worshipped Okawaru.
Okawaru was pleased with you.
You were not hungry.

You visited 1 branch of the dungeon, and saw 8 of its levels.

You collected 387 gold pieces.

Inventory:

Hand Weapons
 a - a +0 war axe
 E - the +4 hand axe of Conformity (weapon) {venom, +Rage Str+2 Dex+4}
   (You found it on level 6 of the Dungeon)

   It poisons the flesh of those it strikes.
   It affects your strength (+2).
   It affects your dexterity (+4).
   It lets you go berserk.
Armour
 c - a +0 shield (worn)
 w - a +0 helmet (worn)
 y - a +0 ring mail of magic resistance (worn)
 G - a +0 cloak (worn)
Wands
 B - a wand of polymorph (17/24)
 F - a wand of acid (6/15)
Scrolls
 b - a scroll of acquirement {unknown}
 j - a scroll of magic mapping {unknown}
 o - a scroll of fear {unknown}
 p - 2 scrolls of amnesia {unknown}
 r - a scroll of blinking {unknown}
 s - a scroll of immolation {unknown}
 t - a scroll of noise {unknown}
 u - 3 scrolls of remove curse
 x - 3 scrolls of teleportation
 A - a scroll of enchant armour {unknown}
 K - a scroll of random uselessness {unknown}
Potions
 d - 2 potions of might
 e - 3 potions of curing
 g - a potion of haste {unknown}
 h - a potion of flight
 i - 2 potions of resistance
 m - 2 potions of agility
 n - 2 potions of magic
 q - a potion of heal wounds {unknown}
 C - a potion of brilliance {unknown}
 D - a potion of ambrosia
 I - a potion of berserk rage {unknown}
 J - a potion of degeneration {unknown}
Comestibles
 f - 3 bread rations
 l - 3 meat rations
 v - 3 royal jellies
 z - 5 fruits
 H - 5 chunks of flesh


   Skills:
 + Level 9.1(14.1) Fighting
 * Level 12.4(17.4) Axes
 - Level 3.2(8.2) Armour
 * Level 11.0(16.0) Shields


You had 9 spell levels left.
You didn't know any spells.

Dungeon Overview and Level Annotations

Branches:
Dungeon (8/15)             Temple (0/1) D:7
   Lair: D:8-11

Altars:
Gozag
Makhleb
Nemelex Xobeh
Okawaru
Qazlal
Trog
Xom


Message History

Okawaru accepts your kill.
No target in view!
You start resting.
Some of the chunks of flesh in your inventory have rotted away.
Eating one of 12 chunks of flesh.
You eat one of the 12 chunks of flesh.
This raw flesh tastes terrible.
Some of the chunks of flesh in your inventory have rotted away.
HP restored.
You see here a hand axe.
The electric eel shoots out a bolt of lightning at you!
The bolt of electricity hits you!
A bullfrog comes into view.
The bullfrog croaks.
The electric eel shoots out a bolt of lightning at you!
The bolt of electricity hits you! x2
A porcupine comes into view.
The electric eel shoots out a bolt of lightning at you!
The bolt of electricity hits you!
Some of the chunks of flesh in your inventory have rotted away.
A crocodile comes into view.
The bullfrog hits you but does no damage.
The electric eel shoots out a bolt of lightning at you!
The bolt of electricity hits you!
* * * LOW HITPOINT WARNING * * *
You block the bullfrog's attack. You block the bullfrog's attack.
The bullfrog hits you but does no damage.
You see here a scroll labeled JOUBBA FACHO.
The bullfrog closely misses you. The bullfrog closely misses you.
You slash the bullfrog!
The bullfrog is poisoned.
The bullfrog is heavily wounded.
The bullfrog hits you.
* * * LOW HITPOINT WARNING * * *
You closely miss the bullfrog.
The bullfrog is heavily wounded.
You block the bullfrog's attack.
You gain the combat prowess of a mighty hero.
The bullfrog closely misses you.
You slash the bullfrog!
The bullfrog is almost dead.
The bullfrog hits you.
* * * LOW HITPOINT WARNING * * *
You slash the bullfrog!
You kill the bullfrog!
Okawaru accepts your kill.
You closely miss the porcupine. You block the porcupine's attack.
You hit the porcupine but do no damage.
The porcupine is poisoned.
You are struck by the porcupine's spines.
* * * LOW HITPOINT WARNING * * *
You slash the porcupine!
The porcupine looks as sick as possible!
The porcupine is almost dead.
You block the porcupine's attack.
You are struck by the porcupine's spines.
* * * LOW HITPOINT WARNING * * *
You closely miss the porcupine.
The porcupine is almost dead.
You kill the porcupine!
Okawaru accepts your kill.
You slash the crocodile!
The crocodile is poisoned.
The crocodile is heavily wounded.
You closely miss the crocodile.
The crocodile is severely wounded.
You block the crocodile's attack.
You hit the crocodile but do no damage.
The crocodile looks as sick as possible!
The crocodile is severely wounded.
The crocodile completely misses you.
You hit the crocodile.
You kill the crocodile!
Okawaru accepts your kill.
Your base Shields skill increases to level 11!
Things that are here:
a crocodile corpse; a porcupine corpse; a bullfrog corpse You butcher the crocodile corpse.
H - 5 chunks of flesh (gained 2)
Things that are here:
a crocodile skeleton; a porcupine corpse; a bullfrog corpse You feel like a meek peon again.
You butcher the porcupine corpse.
H - 6 chunks of flesh (gained 1)
Things that are here:
a crocodile skeleton; a bullfrog corpse You butcher the bullfrog corpse.
H - 8 chunks of flesh (gained 2)
Things that are here:
a crocodile skeleton; a bullfrog skeleton You start resting.
Magic restored.
You start resting.
A porcupine comes into view.
You gain the combat prowess of a mighty hero.
Some of the chunks of flesh in your inventory have rotted away.
You are struck by the porcupine's spines.
* * * LOW HITPOINT WARNING * * *
You barely miss the porcupine.
The porcupine bites you but does no damage.
You are struck by the porcupine's spines.
You die...

...t.≈≈≈≈≈.≈≈≈≈....
.....≈≈≈≈≈.≈≈≈≈....
.....≈≈≈≈≈.≈≈≈≈..
.....≈r≈;≈.≈≈≈≈..
.................
########...###+#+#
##.#.# #.#.#
#.########..#.# #.#.#
#...r@..?..##.###.#.#
#.###########...#.#.#
....(....).)......#
########.))...#.#.##
#.######.#...
#.######.#.##
#........#...
#.######.#.## ###
#####


You could see a porcupine.

Vanquished Creatures
  A deep elf mage (D:7)
  A hippogriff (D:8)
  Sigmund (D:3)
  Duvessa (D:7)
  A porcupine (D:8)
  3 ice beasts
  6 ogres
  2 orc warriors
  A sky beast (D:5)
  A phantom (D:4)
  3 necrophages (D:7)
  2 centaurs
  A crocodile (D:8)
  4 bullfrogs
  Dowan (D:7)
  2 scorpions
  6 wights
  2 bullfrog zombies
  2 crimson imps
  A centaur zombie (D:7)
  6 gnoll shamans (D:3)
  4 orc priests
  Crazy Yiuf (D:7)
  A bullfrog skeleton (D:8)
  3 hounds
  9 orc wizards
  3 worker ants
  Terence (D:3)
  6 iguanas
  A killer bee zombie (D:6)
  A hound skeleton (D:4)
  2 mummies (D:7)
  3 worker ant zombies
  Robin (D:3)
  29 gnolls
  7 adders
  An ooze (D:3)
  An adder skeleton (D:5)
  A worm (D:5)
  2 dart slugs
  4 leopard geckos
  25 orcs
  8 bats
  6 giant cockroaches
  19 goblins
  8 hobgoblins
  25 jackals
  11 kobolds
  7 quokkas
  A ball python (D:5)
  A ball python skeleton (D:5)
  4 frilled lizards
  A leopard gecko skeleton (D:4)
  A leopard gecko zombie (D:7)
  6 rats
252 creatures vanquished.

Vanquished Creatures (others)
  2 fungi (D:8)
  6 plants (D:8)
8 creatures vanquished.

Grand Total: 260 creatures vanquished

Notes
Turn   | Place    | Note
-------+----------+-------------------------------------------
     0 | D:1      | PeterMcNeter the Hill Orc Fighter began the quest for the Orb.
     0 | D:1      | Reached XP level 1. HP: 19/19 MP: 1/1
    78 | D:1      | Reached skill level 3 in Axes
   109 | D:1      | Reached XP level 2. HP: 26/27 MP: 2/2
   442 | D:2      | Found a bloodstained altar of Trog.
   480 | D:2      | Reached XP level 3. HP: 33/33 MP: 3/3
   560 | D:2      | Reached skill level 4 in Fighting
   619 | D:2      | Reached skill level 4 in Shields
   665 | D:2      | Found a faded altar of an unknown god.
   755 | D:2      | Reached skill level 4 in Axes
   875 | D:3      | Reached XP level 4. HP: 39/40 MP: 4/4
   909 | D:3      | Noticed Robin
  1086 | D:3      | Killed Robin
  1285 | D:3      | Reached XP level 5. HP: 22/47 MP: 5/5
  1297 | D:3      | Noticed Terence
  1319 | D:3      | Killed Terence
  1319 | D:3      | Reached skill level 5 in Axes
  2089 | D:3      | Reached skill level 5 in Shields
  2089 | D:3      | HP: 10/47 [gnoll/flail (4)]
  2118 | D:2      | Reached XP level 6. HP: 14/53 MP: 6/6
  2425 | D:3      | HP: 10/55 [ogre/giant club (19)]
  2427 | D:3      | Reached skill level 5 in Fighting
  2427 | D:3      | Reached skill level 6 in Axes
  2559 | D:3      | HP: 13/56 [gnoll/halberd (4)]
  2728 | D:3      | HP: 11/56 [gnoll/quarterstaff (10)]
  2729 | D:3      | HP: 5/56 [gnoll/quarterstaff (6)]
  3019 | D:3      | Reached XP level 7. HP: 54/61 MP: 7/7
  3068 | D:3      | Noticed Sigmund
  3072 | D:3      | HP: 15/61 [something (5)]
  3316 | D:3      | Reached skill level 7 in Axes
  3316 | D:3      | Reached skill level 6 in Shields
  3332 | D:3      | HP: 13/61 [something (6)]
  3333 | D:3      | Killed Sigmund
  3365 | D:3      | HP: 7/62 [gnoll/halberd (13)]
  3744 | D:3      | Reached XP level 8. HP: 48/70 MP: 8/8
  3815 | D:3      | Reached skill level 6 in Fighting
  3815 | D:3      | Reached skill level 8 in Axes
  3882 | D:4      | Reached skill level 7 in Shields
  4040 | D:4      | Upgraded the game from 0.21-a0-179-gd2bfb5f to 0.21-a0-185-g3a6ed1e
  4556 | D:5      | Entered Level 5 of the Dungeon
  4818 | D:5      | Reached skill level 9 in Axes
  5074 | D:5      | Reached skill level 8 in Shields
  5368 | D:5      | Reached skill level 7 in Fighting
  5383 | D:5      | Reached XP level 9. HP: 73/79 MP: 9/9
  5772 | D:6      | Found a shimmering altar of Xom.
  5933 | D:6      | Got a shimmering hand axe
  5934 | D:6      | Identified the +4 hand axe of Conformity {venom, +Rage Str+2 Dex+4} (You found it on level 6 of the Dungeon)
  6013 | D:6      | Reached skill level 10 in Axes
  6140 | D:6      | Found an iron altar of Okawaru.
  6140 | D:6      | Found a sparkling altar of Nemelex Xobeh.
  6140 | D:6      | Found an opulent altar of Gozag.
  6141 | D:6      | Found a stormy altar of Qazlal.
  6143 | D:6      | Found a burning altar of Makhleb.
  6149 | D:6      | Became a worshipper of Warmaster Okawaru
  6205 | D:6      | Reached skill level 9 in Shields
  6480 | D:7      | Found a runed door.
  6480 | D:7      | Noticed Crazy Yiuf
  6485 | D:7      | Killed Crazy Yiuf
  6523 | D:7      | Noticed a deep elf mage
  6540 | D:7      | Killed a deep elf mage
  6540 | D:7      | Reached * piety under Okawaru
  6540 | D:7      | Reached skill level 8 in Fighting
  6540 | D:7      | Reached skill level 11 in Axes
  6848 | D:7      | Found a staircase to the Ecumenical Temple.
  6860 | D:7      | Reached skill level 10 in Shields
  6860 | D:7      | Reached XP level 10. HP: 86/90 MP: 10/10
  6893 | D:7      | Noticed Duvessa
  6907 | D:7      | Killed Duvessa
  6911 | D:7      | Noticed Dowan
  6917 | D:7      | Killed Dowan
  6933 | D:7      | Reached ** piety under Okawaru
  7587 | D:7      | Reached skill level 12 in Axes
  7688 | D:8      | Reached skill level 9 in Fighting
  7971 | D:8      | HP: 18/89 [porcupine's spines (11)]
  7975 | D:8      | Reached skill level 11 in Shields
  8002 | D:8      | HP: 9/89 [porcupine's spines (16)]
  8003 | D:8      | Impaled on a porcupine's spines

Vault maps used:
D:1:      doesnt_arrival_eight_statues
D:2:      first_bread, chequers_ecumenical_altar_simple_redux,
          kennysheep_big_empty_room, bloody_trog
D:3:      lemuel_castle_with_subvaults, uniq_robin, uniq_terence, uniq_sigmund
D:5:      st_stairs_11, hangedman_decor_clover_reticule
D:6:      minitemple, xom_butterflies
D:7:      minmay_temple_entry_glass, serial_undead, serial_undead_a,
          serial_undead_f, serial_undead_e, serial_undead_a, serial_undead_f,
          serial_undead_d, serial_undead_c, uniq_crazy_yiuf_cottage,
          uniq_duvessa
D:8:      minmay_lair_entry_grove, hangedman_ranch, kennysheep_pointless_box,
          minivault_14, uniq_erica, uniq_pikel, uniq_prince_ribbit1

Skill      XL: |  1  2  3  4  5  6  7  8  9 10 |
---------------+-------------------------------+-----
Axes           | 3 4 5 6 7 9 11 12 | 12.4
Fighting       | 4 5 7 8 9 |  9.1
Shields        | 4 5 6 8 10 11 | 11.0
Armour         | |  3.2

Action                   |  1- 3 |  4- 6 |  7- 9 | 10-12 || total
-------------------------+-------+-------+-------+-------++-------
Melee: War axe           |    90 |   196 |   302 |       ||   588
       Hand axe          |       |       |    86 |   155 ||   241
Invok: Heroism           |       |       |       |     2 ||     2
  Use: Potion            |       |       |     2 |       ||     2
       Scroll            |       |       |       |     5 ||     5
 Stab: Distracted        |       |     1 |     1 |       ||     2
  Eat: Chunk             |       |     7 |    13 |     4 ||    24
Armor: Scale mail        |    54 |    92 |    51 |       ||   197
       Ring mail         |       |       |    64 |    24 ||    88
Dodge: Dodged            |    30 |    68 |   108 |    23 ||   229
Block: Shield            |    46 |   150 |   198 |    64 ||   458

Vault maps used:
D:1:      doesnt_arrival_eight_statues
D:2:      first_bread, chequers_ecumenical_altar_simple_redux,
          kennysheep_big_empty_room, bloody_trog
D:3:      lemuel_castle_with_subvaults, uniq_robin, uniq_terence, uniq_sigmund
D:5:      st_stairs_11, hangedman_decor_clover_reticule
D:6:      minitemple, xom_butterflies
D:7:      minmay_temple_entry_glass, serial_undead, serial_undead_a,
          serial_undead_f, serial_undead_e, serial_undead_a, serial_undead_f,
          serial_undead_d, serial_undead_c, uniq_crazy_yiuf_cottage,
          uniq_duvessa
D:8:      minmay_lair_entry_grove, hangedman_ranch, kennysheep_pointless_box,
          minivault_14, uniq_erica, uniq_pikel, uniq_prince_ribbit1

Table legend:
 A = Turns spent in this place as a percentage of turns spent in the entire game.
 B = Non-inter-level travel turns spent in this place as a percentage of non-inter-level travel turns spent in the entire game.
 C = Inter-level travel turns spent in this place as a percentage of turns spent in this place.
 D = Turns resting spent in this place as a percentage of non-inter-level travel turns spent in this place.
 E = Turns spent auto-exploring this place as a percentage of non-inter-level travel turns spent in this place.
 F = Non-inter-level travel turns spent in this place divided by the number of levels of this place that you've seen.
                   A       B       C       D       E      F
               +-------+-------+-------+-------+-------+----------------------
         Total | 100.0 | 100.0 |   0.7 |   3.2 |   7.4 | 256.9
       Dungeon | 100.0 | 100.0 |   0.7 |   3.2 |   7.4 | 256.9
               +-------+-------+-------+-------+-------+----------------------

Table legend:
 A = Kills in this place as a percentage of kills in entire the game.
 B = Kills by you in this place as a percentage of kills by you in the entire game.
 C = Kills by friends in this place as a percentage of kills by friends in the entire game.
 D = Other kills in this place as a percentage of other kills in the entire game.
 E = Experience gained in this place as a percentage of experience gained in the entire game.
 F = Experience gained in this place divided by the number of levels of this place that you have seen.
                   A       B       C       D       E      F
               +-------+-------+-------+-------+-------+----------------------
         Total | 100.0 | 100.0 |  -nan |  -nan | 100.0 | 894.4
       Dungeon | 100.0 | 100.0 |  -nan |  -nan | 100.0 | 894.4
               +-------+-------+-------+-------+-------+----------------------
